[Event "*** Titled Tuesday Blitz"]
[Site "Chess.com"]
[Date "2020.04.14"]
[Round "1"]
[White "indfraeng"]
[Black "nocnypako"]
[Result "1/2-1/2"]
[WhiteElo "2236"]
[BlackElo "2594"]
[TimeControl "180+1"]
[EndTime "10:07:55 PDT"]
[Termination "Game drawn by repetition"]

1. d4 Nf6 2. c4 g6 3. g3 c6 4. Bg2 d5 5. Nc3 Bg7 6. Nf3 O-O 7. O-O dxc4 8. Ne5 Nfd7 9. Nxc4 Nb6 10. Nxb6 axb6 11.
e3 c5 12. d5 Na6 13. e4 Bd7 14. Be3 b5 15. Rc1 Qa5 16. a3 b4 17. axb4 cxb4 18.
Ra1 Qc7 19. Na4 b5 20. Nb6 Bxb2 21. Rb1 Bc3 22. Nxa8 Rxa8 23. Qe2 Nc5 24. Rfc1 Na4 25. Rxb4 Qa5 26. Rb3 b4 27. Bd2 Bb5 28. Qe3 Bc4 29.
Rbb1 Ba2 30. Bxc3 Nxc3 31. Rxb4 Qxb4 32. Qxc3 Qxc3 33. Rxc3 Rb8 34. f4 Kf8 35. h3 h6 36.
Kh2 Bb1 37. e5 Bf5 38. Rc7 Ke8 39. g4 Bd7 40. d6 exd6 41. exd6 Rb6 42. Ra7 Rxd6 43.
Ra8+ Ke7 44. Ra7 h5 45. gxh5 gxh5 46. Bf3 h4 47. Bg4 Ke8 48. Bxd7+ Rxd7 49. Rxd7 Kxd7 50.
Kg2 Ke6 51. Kf3 f5 52. Ke3 Kd5 53. Kd3 Kc5 54. Kc3 Kd5 55. Kd3 Kc5 56. Kc3 Kd5 57. Kd3 1/2-1/2

[Event "*** Titled Tuesday Blitz"]
[Site "Chess.com"]
[Date "2020.04.14"]
[Round "1"]
[White "MiroVlasenko"]
[Black "CalinGheorghiu"]
[Result "1-0"]
[WhiteElo "2663"]
[BlackElo "2318"]
[TimeControl "180+1"]
[EndTime "10:07:56 PDT"]
[Termination "MiroVlasenko won on time"]

1. e4 e6 2. Qe2 c5 3. g3 Nc6 4. c3 d6 5. f4 Nge7 6. Bg2 g6 7. Nf3 Bg7 8. O-O O-O 9. d3 Rb8 10. a4 a6 11. Be3 b5 12. axb5 axb5 13. e5 b4 14. Nbd2 bxc3 15. bxc3 Nf5 16. Bf2 Rb2 17. Rab1 Rxb1 18. Rxb1 dxe5 19. fxe5 Ba6 20. Nc4 Bxc4 21. dxc4 Qc7 22. Bxc5 Rd8 23. Bb6 Qb7 24. Qe4 Rc8 25. Nd4 Nfxd4 26. cxd4 Qa6 27. Bf1 Qa2 28. Re1 Nb4 29.
Bc5 Qd2 30. Re2 Qc3 31. Re3 Qd2 32. Re2 Qc3 33. Qe3 Qxe3+ 34. Rxe3 Nc6 35. Bb6 f6 36. exf6 Bxf6 37. d5 exd5 38. cxd5 Nd4 39. d6 Rc6 40. Bc7 Nf5 41. Rd3 Kf7 42. Bg2 Rc1+ 43. Kf2 Bd4+ 44. Kf3 Be5 45. Ke2 Rc2+ 46. Rd2 Rxd2+ 47. Kxd2 Nxd6 48.
Bd5+ Kf6 49. Ke2 Nf5 50. Bd8+ Kg7 51. Kf3 Bf6 52. Ba5 Nd4+ 53. Ke4 Nf5 54. g4 Ne7 55. Be6 h6 56. Bd2 g5 57. Bd7 Ng6 58. Kd5 Be5 59. Ke6 Bxh2 60. Bc3+ Kh7 61. Be8 Nf4+ 62. Kf7 h5 63. gxh5 Kh6 64. Kg8 Nxh5 65. Bb4 Be5 66. Bf8+ Ng7 67. Kf7 g4 68. Bc6 g3 69. Bf3 Bc3 70. Bd6 1-0

[Event "*** Titled Tuesday Blitz"]
[Site "Chess.com"]
[Date "2020.04.14"]
[Round "1"]
[White "AlleyOoper"]
[Black "monikarozman"]
[Result "1-0"]
[WhiteElo "2578"]
[BlackElo "2188"]
[TimeControl "180+1"]
[EndTime "10:07:57 PDT"]
[Termination "AlleyOoper won by checkmate"]

1. d4 d5 2. Bf4 c6 3. e3 Nf6 4. c4 Bf5 5. Nc3 e6 6. Qb3 Qb6 7. c5 Qxb3 8. axb3 Nbd7 9. b4 Nh5 10. b5 Nxf4 11. exf4 Be7 12. Nf3 O-O 13. Kd2 f6 14. Nh4 Bg4 15. h3 Bh5 16. Bd3 e5 17. Nf5 exd4 18.
Nxe7+ Kf7 19. Ncxd5 cxd5 20. Nxd5 Nxc5 21. Bc4 Ne4+ 22.
Ke1 Nd6 23. Bb3 Rfe8+ 24. Kf1 Kf8 25. Nc7 Nxb5 26. Nxa8 Rxa8 27. g4 Be8 28. Ke2 Rd8 29.
Kd2 Bc6 30. Rhe1 Re8 31. Rxe8+ Kxe8 32. Bc4 Kd7 33. Bxb5 Bxb5 34. Rxa7 Kc6 35. Ra8 g5 36. fxg5 fxg5 37. Rg8 Bf1 38. Rxg5 Bxh3 39. Rg7 h6 40. f3 Bg2 41. Ke2 d3+ 42. Kxd3 Bxf3 43. Ke3 Bd1 44. Kf4 b5 45. Rg6+ Kc5 46. Rxh6 Kb4 47. Rh2 Kb3 48. g5 Bc2 49. Ke5 b4 50. Kf6 Kxb2 51.
g6 Kc1 52. g7 Bb3 53. Rh4 Bg8 54. Rxb4 Kc2 55. Rb8 Kc3 56. Rxg8 Kd3 57. Re8 Kc2 58.
g8=Q Kb2 59. Qf7 Ka1 60. Qd7 Kb2 61. Rc8 Kb1 62. Qb7+ Ka2 63. Ra8# 1-0

[Event "*** Titled Tuesday Blitz"]
[Site "Chess.com"]
[Date "2020.04.14"]
[Round "1"]
[White "tylityli"]
[Black "vladimirdamjanovic"]
[Result "1/2-1/2"]
[WhiteElo "2123"]
[BlackElo "2538"]
[TimeControl "180+1"]
[EndTime "10:07:57 PDT"]
[Termination "Game drawn - insufficient material"]

1. e4 c6 2. Nf3 d5 3. exd5 cxd5 4. d4 Nc6 5. c3 Bg4 6. h3 Bh5 7. Be2 e6 8. O-O Bd6 9. Re1 Nge7 10. Nbd2 O-O 11.
Nf1 Qc7 12. Ne3 Rab8 13. a4 a6 14. Bd2 Rfc8 15. b4 Bg6 16. Qb3 Be4 17. Red1 f5 18. Ng5 Nd8 19. f3 f4 20. fxe4 fxe3 21. Bxe3 Qxc3 22.
Rab1 h6 23. e5 Bxb4 24. Nf3 Nf5 25. Bf2 Qxb3 26. Rxb3 Be7 27. Rdb1 g5 28. Bxa6 Ra8 29. Bxb7 Nxb7 30. Rxb7 Rxa4 31. g4 Bd8 32. gxf5 exf5 33. e6 Bf6 34. Rb8 Rc4 35. Bg3 f4 36. Bf2 h5 37. Nd2 Rc6 38. Rxc8+ Rxc8 39. Nb3 Rb8 40. Nd2 Rc8 41. Rb7 Rc6 42. Rd7 g4 43. hxg4 hxg4 44. Rxd5 Rxe6 45. Rf5 g3 46. Rxf4 gxf2+ 47. Kxf2 Rd6 48.
Ne4 Bxd4+ 49. Kf3 Ra6 50. Ng5 Bg7 51. Rc4 Bf8 52. Kg4 Rf6 53. Rc7 Bd6 54. Rd7 Bf8 55. Ne4 Re6 56. Kf5 Re7 57. Nf6+ Kf7 58. Rxe7+ Bxe7 1/2-1/2

[Event "*** Titled Tuesday Blitz"]
[Site "Chess.com"]
[Date "2020.04.14"]
[Round "1"]
[White "OhanyanEminChess"]
[Black "Klavdia_Nik"]
[Result "1-0"]
[WhiteElo "2552"]
[BlackElo "2137"]
[TimeControl "180+1"]
[EndTime "10:07:58 PDT"]
[Termination "OhanyanEminChess won on time"]

1. e4 e5 2. Nf3 Nc6 3. Bc4 Be7 4. O-O Nf6 5. d4 d6 6. Re1 exd4 7. Nxd4 O-O 8. Nc3 Bd7 9. Bb3 Na5 10. Nd5 Nxb3 11.
axb3 a6 12. Nxe7+ Qxe7 13. Qf3 Ng4 14. Qg3 Ne5 15. Bh6 Ng6 16. Bd2 Rae8 17. Bc3 Qh4 18. Qxh4 Nxh4 19. f3 f5 20. exf5 Nxf5 21. Kf2 g6 22. Rac1 Nxd4 23. Bxd4 Rxe1 24. Rxe1 Re8 25. Be3 Kf7 26. Rd1 Bf5 27. b4 b5 28. c3 Be6 29.
Ra1 Ra8 30. Kg3 Kf6 31. Bd4+ Kf5 32. Kh4 g5+ 33. Kh5 Bf7+ 34. Kh6 Bg6 35. Re1 a5 36. h3 Kf4 37. Re7 axb4 38. cxb4 Ra4 39. Rxc7 Rxb4 40.
Bc3 Rc4 41. Rd7 Rc6 42. Bb4 Kg3 43. Kxg5 Kxg2 44. f4 Be4 45. f5 Kxh3 46. Rxh7+ Kg3 47. Rd7 d5 48. f6 Kf3 49. f7 Rg6+ 50. Kh5 1-0

[Event "*** Titled Tuesday Blitz"]
[Site "Chess.com"]
[Date "2020.04.14"]
[Round "1"]
[White "Borsuk_Konstantin"]
[Black "Beca95"]
[Result "1/2-1/2"]
[WhiteElo "2490"]
[BlackElo "2897"]
[TimeControl "180+1"]
[EndTime "10:07:59 PDT"]
[Termination "Game drawn by agreement"]

1. d4 Nf6 2. c4 e6 3. Nc3 Bb4 4. Qc2 c5 5. dxc5 O-O 6. a3 Bxc5 7. Nf3 b6 8. Bg5 Bb7 9. e4 Be7 10. O-O-O h6 11. Bh4 Nc6 12. Kb1 Nh5 13. Bg3 Nxg3 14. hxg3 Rc8 15. g4 e5 16. Nd5 Bg5 17. g3 d6 18. Nxg5 Qxg5 19. f4 Qxg4 20. Bh3 Qf3 21. Rdf1 Qxg3 22. Rfg1 Qf3 23. Bg4 Nd4 24. Bxf3 Nxc2 25.
Ne7+ Kh8 26. Nxc8 Nd4 27. Nxd6 Nxf3 28. Nxb7 Nxg1 29. Rxg1 exf4 30. b4 g5 31. c5 bxc5 32. bxc5 Rc8 33. Rc1 Rc6 34. Nd8 Rc7 35. c6 Kg7 36. e5 f3 37. e6 Kf8 38. Nxf7 f2 39.
Nxh6 Rxc6 40. Rf1 Rxe6 41. Rxf2+ Kg7 42. Nf5+ Kg6 43. Kc2 Rf6 44. Ne7+ Kf7 45. Rxf6+ Kxf6 46. Nd5+ Ke5 47. Nc7 a5 48. Kd2 g4 49. Ke3 g3 50.
Kf3 Kd4 51. Kxg3 Kc4 52. Kf3 Kb3 53. Nb5 Ka4 54. Nd4 Kxa3 55. Ke3 1/2-1/2

[Event "*** Titled Tuesday Blitz"]
[Site "Chess.com"]
[Date "2020.04.14"]
[Round "1"]
[White "Jeffinho023"]
[Black "almo64"]
[Result "0-1"]
[WhiteElo "2410"]
[BlackElo "2789"]
[TimeControl "180+1"]
[EndTime "10:07:59 PDT"]
[Termination "almo64 won by resignation"]

1. d4 d5 2. Nf3 Bf5 3. g3 e6 4. Bg2 h6 5. c4 c6 6. Nc3 Nf6 7. O-O Nbd7 8. b3 Bb4 9. Bb2 O-O 10. a3 Ba5 11. b4 Bc7 12. c5 e5 13. dxe5 Nxe5 14. Nxe5 Bxe5 15. Na4 Re8 16. Bxe5 Rxe5 17. e3 Be4 18. Nc3 Bxg2 19. Kxg2 Qd7 20. Qd4 Rae8 21. h4 Ne4 22. Rad1 Qg4 23. Nxe4 Rxe4 24. Qc3 Qg6 25.
Kh2 R8e6 26. Rd4 Rxd4 27. Qxd4 Re4 28. Qd2 Qf6 29. Rc1 a6 30. Kg2 Qg6 31. Kh2 Qf5 32.
Rd1 Qf3 33. Re1 g5 34. hxg5 hxg5 35. Qe2 Qxe2 36. Rxe2 Rc4 37. Kg2 g4 38. Rd2 f5 39. Rd4 Kf7 40. Rd3 Ke6 41. Kf1 Rc2 42.
Kg2 Rc1 43. Kh2 Ra1 44. Kg2 Ke5 45. Kh2 Rb1 46. Kg2 a5 47. bxa5 Rb5 48. a6 bxa6 49.
Rc3 a5 50. Kh2 a4 51. Rd3 Rb3 52. Rd4 Rxa3 53. Rb4 Ra1 54. Kg2 a3 55. Rb8 Rc1 56. Ra8 Rc3 57. Ra5 Ke4 58. Kf1 Kd3 59. Kg2 Kc2 60.
Ra6 Kb2 61. Rb6+ Rb3 62. Rxc6 a2 0-1

[Event "*** Titled Tuesday Blitz"]
[Site "Chess.com"]
[Date "2020.04.14"]
[Round "1"]
[White "adriangschnitzer"]
[Black "okriak"]
[Result "0-1"]
[WhiteElo "2395"]
[BlackElo "2755"]
[TimeControl "180+1"]
[EndTime "10:08:01 PDT"]
[Termination "okriak won by resignation"]

1. e4 e5 2. Nc3 Nc6 3. Bc4 Nf6 4. d3 Na5 5. Nge2 Be7 6. O-O O-O 7.
a4 Nxc4 8. dxc4 d6 9. f3 c6 10. Be3 Qc7 11. Qd2 Be6 12. b3 Rfd8 13. Rfd1 d5 14. cxd5 cxd5 15. exd5 Nxd5 16. Nxd5 Rxd5 17.
Qc3 Rxd1+ 18. Rxd1 Qxc3 19. Nxc3 Rc8 20. Nd5 Bxd5 21.
Rxd5 f6 22. c4 b6 23. Rd7 Bc5 24. Bxc5 bxc5 25. Rxa7 Rb8 26. Rc7 Rxb3 27. Rxc5 Ra3 28. a5 Kf7 29. Rb5 h5 30. c5 Ke6 31. c6 Rc3 32. Rb6 Kd6 33. a6 Ra3 34. Rb7 Rxa6 35.
Rxg7 Rxc6 36. Rh7 Rc2 37. Rxh5 Ke6 38. h4 Kf7 39. Rh8 Kg7 40. Ra8 Rb2 41. Kh2 f5 42.
Ra6 Rc2 43. Kh3 f4 44. Re6 Re2 45. Kg4 Rxg2+ 46. Kf5 Rh2 47. Rg6+ Kh7 48. Rg4 Re2 49. h5 Kh6 50. Kf6 Kxh5 51. Rg5+ Kh4 52. Rxe5 Re3 53. Kf5 Kg3 54. Re4 Rxf3 55. Ra4 Rf1 56. Ra3+ f3 57.
Ke4 Re1+ 58. Kd3 f2 59. Kd2+ Kg2 0-1

[Event "*** Titled Tuesday Blitz"]
[Site "Chess.com"]
[Date "2020.04.14"]
[Round "1"]
[White "icychess54"]
[Black "SONOFHOLYGOD"]
[Result "0-1"]
[WhiteElo "2218"]
[BlackElo "2593"]
[TimeControl "180+1"]
[EndTime "10:08:01 PDT"]
[Termination "SONOFHOLYGOD won by resignation"]

1. c4 Nf6 2. Nf3 c5 3. Nc3 Nc6 4. d4 cxd4 5. Nxd4 g6 6. e3 Bg7 7.
Be2 O-O 8. O-O d6 9. b3 Nxd4 10. exd4 d5 11. c5 Qa5 12. Bd2 Qc7 13. b4 a6 14. a4 e5 15. Bg5 Be6 16. Rc1 exd4 17. Qxd4 Ne4 18. Nxd5 Bxd4 19. Nxc7 Nxg5 20. Nxa8 Rxa8 21.
h4 Ne4 22. Bf3 f5 23. Rfe1 Bxf2+ 24. Kf1 Bxe1 25. Rxe1 Kf7 26. Bxe4 fxe4 27. Rxe4 Rd8 28. b5 axb5 29. axb5 Rd5 30. c6 bxc6 31. bxc6 Rc5 32. Rb4 Rxc6 33. Rb7+ Kg8 34. Kf2 Bf7 35. Kg3 Rc2 36. Ra7 Rc3+ 37. Kf4 Kg7 38. g4 Rc4+ 39. Kg3 Rb4 40. h5 g5 41. h6+ Kf6 42. Ra6+ Be6 43. Ra7 Rxg4+ 44. Kf3 Rf4+ 45. Kg3 Kg6 46. Ra6 Re4 47.
Ra5 Kxh6 48. Ra8 Kg6 49. Ra7 h5 50. Kg2 Re3 51. Ra8 Kf5 52. Ra5+ Re5 53. Ra4 Bd5+ 54.
Kg3 Re4 55. Ra5 Ke5 56. Ra1 Re3+ 57. Kf2 Rc3 58. Ra7 Kf4 59. Rc7 Rxc7 0-1

[Event "*** Titled Tuesday Blitz"]
[Site "Chess.com"]
[Date "2020.04.14"]
[Round "1"]
[White "Donseng"]
[Black "BronceYSueno"]
[Result "1-0"]
[WhiteElo "2524"]
[BlackElo "1971"]
[TimeControl "180+1"]
[EndTime "10:08:01 PDT"]
[Termination "Donseng won by resignation"]

1. e4 c5 2. Nf3 e6 3. c3 d5 4.
exd5 exd5 5. d4 Nf6 6. Bb5+ Bd7 7. Qe2+ Be7 8. dxc5 O-O 9. Bxd7 Nbxd7 10. O-O Bxc5 11. Bg5 Re8 12. Qc2 Qb6 13. Bxf6 Nxf6 14. b4 Bd6 15. Nbd2 Rac8 16. Qd3 Ne4 17. Rac1 Bf4 18. g3 Bh6 19. Rc2 Nxd2 20. Nxd2 d4 21. Nc4 Qa6 22. cxd4 Rc7 23. Qb3 Rec8 24. Ne3 Bxe3 25. Rxc7 Bxf2+ 26. Rxf2 Rxc7 27. Qd5 Rc1+ 28. Kg2 Qc6 29. Qxc6 Rxc6 30. d5 Rd6 31. Rd2 f5 32. Kf3 Kf7 33. Ke3 Ke7 34. Kd4 Rb6 35. a3 Kd6 36. Re2 a5 37. Re6+ Kc7 38. Rxb6 Kxb6 39.
bxa5+ Kc7 40. Ke5 g6 41. h4 Kd7 42. d6 h6 43. a4 g5 44. hxg5 hxg5 45. Kxf5 Kxd6 46.
Kxg5 Ke5 47. Kh6 Kf6 48. g4 Ke5 49. g5 Kd5 50. g6 Kc5 51. g7 Kb4 52. g8=Q Kxa5 53.
Qd5+ Ka6 54. Qb5+ Ka7 55. a5 Kb8 56. a6 1-0

[Event "*** Titled Tuesday Blitz"]
[Site "Chess.com"]
[Date "2020.04.14"]
[Round "1"]
[White "SergeiAza"]
[Black "NiranjanNavalgund"]
[Result "1/2-1/2"]
[WhiteElo "2790"]
[BlackElo "2427"]
[TimeControl "180+1"]
[EndTime "10:08:02 PDT"]
[Termination "Game drawn - insufficient material"]

1. e4 e5 2. Nf3 Nc6 3. Bb5 a6 4. Ba4 Nf6 5. O-O Be7 6. Re1 b5 7. Bb3 d6 8. c3 O-O 9. h3 Nb8 10.
d4 Nbd7 11. Nbd2 Bb7 12. Bc2 Re8 13. Nf1 Bf8 14. Ng3 g6 15. a4 Bg7 16. Bd3 b4 17. dxe5 Nxe5 18. Nxe5 dxe5 19. cxb4 Qe7 20. b5 Red8 21.
Qc2 axb5 22. Bxb5 Qb4 23. Qc3 Qxc3 24. bxc3 Rd6 25. Be3 h5 26. f3 h4 27. Nf1 Nh5 28.
Red1 Bf8 29. Rxd6 Bxd6 30. Bf2 g5 31. Ne3 Nf4 32. Nf5 Ba6 33. Nxd6 cxd6 34. Bxa6 Rxa6 35. a5 Ne2+ 36. Kf1 Nxc3 37. Bb6 d5 38. exd5 Nxd5 39.
Rb1 f6 40. Rb5 Ne7 41. Rc5 Kf7 42. Ke2 Ke6 43. Kd3 Nd5 44. Rb5 Nf4+ 45. Kc4 Nxg2 46. Bc5 Kd7 47. Kb4 Nf4 48. Kc4 Nxh3 49. Be3 Nf4 50.
Rb7+ Kc6 51. Rf7 Rxa5 52. Rxf6+ Kd7 53. Rf5 h3 54. Bxf4 gxf4 55. Rh5 Ra3 56. Rxh3 Re3 57. Kd5 Ke7 58. Rh6 Kf7 59. Rc6 Kg7 60. Ra6 Kf7 61. Rb6 Rxf3 62. Kxe5 Rf1 63. Rf6+ Ke7 64. Rxf4 Rxf4 65.
Kxf4 1/2-1/2

[Event "*** Titled Tuesday Blitz"]
[Site "Chess.com"]
[Date "2020.04.14"]
[Round "1"]
[White "mortngabriel"]
[Black "Matibar"]
[Result "0-1"]
[WhiteElo "2398"]
[BlackElo "2757"]
[TimeControl "180+1"]
[EndTime "10:08:02 PDT"]
[Termination "Matibar won on time"]

1. e4 d5 2. exd5 Qxd5 3. Nc3 Qd8 4. d4 Nf6 5. Nf3 g6 6. Bc4 Bg7 7. O-O O-O 8. h3 b6 9. Re1 Bb7 10. Bf4 Nc6 11. a3 e6 12. Qd2 Ne7 13. Ne5 Ned5 14.
Bh6 Nxc3 15. Bxg7 Kxg7 16. Qxc3 Qd6 17. Rad1 Rad8 18. Qe3 h5 19. c3 Qe7 20. Qg5 Nd5 21. Qxe7 Nxe7 22. Be2 h4 23. Bf3 c6 24. Rd2 g5 25.
Red1 Rd6 26. b4 Rfd8 27. Nc4 R6d7 28. Ne5 Rc7 29. c4 f6 30. Ng4 Rcd7 31. Ne3 Ng6 32. Kf1 Nf4 33. Bg4 f5 34. Bf3 Kf6 35. b5 cxb5 36.
Bxb7 Rxb7 37. cxb5 Rc7 38. d5 Nxd5 39. Nxd5+ Rxd5 40. Rxd5 exd5 41. Rxd5 Rc3 42. a4 Ra3 43. Rd6+ Ke5 44.
Rg6 Kf4 45. Rc6 Rxa4 46. Rc7 Ra1+ 47. Ke2 Ra2+ 48. Ke1 Ra5 49. Ke2 Ke5 0-1

[Event "*** Titled Tuesday Blitz"]
[Site "Chess.com"]
[Date "2020.04.14"]
[Round "1"]
[White "Witik"]
[Black "atalz0"]
[Result "1/2-1/2"]
[WhiteElo "2728"]
[BlackElo "2392"]
[TimeControl "180+1"]
[EndTime "10:08:02 PDT"]
[Termination "Game drawn by agreement"]

1. d4 d5 2. Bf4 Bf5 3. e3 e6 4.
c4 Bd6 5. Bxd6 Qxd6 6. Nc3 Ne7 7.
Qb3 Nbc6 8. cxd5 exd5 9. Nf3 O-O 10. Be2 a6 11. O-O b5 12. Rfc1 Na5 13. Qd1 Rfc8 14. b3 h6 15. h3 Nb7 16. Bd3 c6 17. Ne2 Qf6 18. Nf4 Nd6 19. Rc2 Bxd3 20. Nxd3 Ne4 21. Rac1 Rc7 22. Nfe5 Rac8 23. Qe1 c5 24. dxc5 Nxc5 25. Nxc5 Qxe5 26. Nd3 Qd6 27. Rxc7 Rxc7 28. Rxc7 Qxc7 29. Qc1 Qxc1+ 30. Nxc1 Nc6 31. Ne2 Kf8 32. Kf1 Ke7 33. Nd4 Nxd4 34. exd4 Ke6 35. Ke2 a5 36.
Ke3 g5 37. g4 f6 38. f3 Kd6 39. Kd3 Kc6 40. a4 b4 41. Ke3 Kd6 42. f4 Ke6 43.
f5+ Kd6 44. Kf3 Kc6 45. Kg3 Kd6 46. h4 Kc6 47. hxg5 hxg5 48. Kf3 Kd6 49. Ke3 Kc6 50. Kf3 Kd6 51. Ke3 Kc6 1/2-1/2

[Event "*** Titled Tuesday Blitz"]
[Site "Chess.com"]
[Date "2020.04.14"]
[Round "1"]
[White "Leonid_Starozhilov"]
[Black "allvim"]
[Result "1-0"]
[WhiteElo "2625"]
[BlackElo "2280"]
[TimeControl "180+1"]
[EndTime "10:08:04 PDT"]
[Termination "Leonid_Starozhilov won by resignation"]

1. e4 c5 2. Nf3 d6 3. Bb5+ Bd7 4. Bxd7+ Qxd7 5. O-O Nc6 6. c3 Nf6 7. Re1 e6 8. d3 Be7 9. Bg5 O-O 10. Nbd2 b5 11. a3 a5 12. a4 b4 13. Nc4 Rab8 14. e5 dxe5 15. Nfxe5 Nxe5 16. Nxe5 Qb7 17. c4 Rfd8 18. Qe2 h6 19. Bh4 Rd4 20. Bg3 Rbd8 21. Rad1 Bd6 22.
h3 Ne8 23. Nf3 Bxg3 24. Nxd4 Bxf2+ 25. Qxf2 Rxd4 26. b3 Qd7 27. Re3 Nc7 28. Rf1 Na6 29. Rf3 f6 30. Qg3 Kh7 31. Re1 Nc7 32. Rfe3 e5 33.
Qf2 Rf4 34. Rf3 Rd4 35. Ree3 Ne6 36. Kh2 Rd6 37. h4 Nd4 38. Rh3 Nxb3 39. h5 Nd4 40. Reg3 f5 41. Re3 Qe7 42. Qe1 Re6 43. g3 Qf6 44. Qf2 Qg5 45. Rh4 f4 46. gxf4 exf4 47. Rxe6 Qxh4+ 48. Qxh4 Nf3+ 49. Kh3 Nxh4 50. Kxh4 1-0

[Event "*** Titled Tuesday Blitz"]
[Site "Chess.com"]
[Date "2020.04.14"]
[Round "1"]
[White "Anton_Zhukov04"]
[Black "jposthuma"]
[Result "0-1"]
[WhiteElo "2242"]
[BlackElo "2607"]
[TimeControl "180+1"]
[EndTime "10:08:04 PDT"]
[Termination "jposthuma won by resignation"]

1. d4 Nf6 2. c4 c5 3. d5 b5 4. Qc2 e6 5. e4 bxc4 6. Nc3 exd5 7. e5 Qe7 8. Qe2 d4 9. exf6 Qxe2+ 10. Ncxe2 Nc6 11.
Bd2 d5 12. Nf4 Be6 13. Nf3 gxf6 14. Be2 Bd6 15. O-O Rb8 16. Rab1 Ne5 17. Rfe1 Kd7 18. Nh5 Ke7 19. Nxe5 fxe5 20. Bg5+ Kd7 21. Nf6+ Kc6 22.
Bd1 Rb4 23. a3 Rb7 24. Ba4+ Kc7 25. Bh4 Rhb8 26. Re2 c3 27. Ne8+ Rxe8 28. Bxe8 d3 29. Ree1 c2 30. Ra1 d2 31. Rf1 Rxb2 32. Bg5 d1=Q 33. Rfxd1 cxd1=Q+ 34. Rxd1 d4 35. a4 c4 36. Bb5 c3 37. Bd3 Bb3 38. Rc1 Ba3 39. a5 Ra2 40. Rb1 Ba4 41. Bf6 Kd6 42. f4 exf4 43. Bxd4 c2 44. Bxc2 Bxc2 45. Rf1 Bc5 46. Bxc5+ Kxc5 47.
Rxf4 Rxa5 48. Rxf7 Ra2 49. g4 a5 50. h4 a4 51. g5 Be4 52. Ra7 a3 53. h5 Kd4 54. g6 hxg6 55. hxg6 Bxg6 0-1

[Event "*** Titled Tuesday Blitz"]
[Site "Chess.com"]
[Date "2020.04.14"]
[Round "1"]
[White "elohunter1999"]
[Black "nubair1198"]
[Result "1-0"]
[WhiteElo "2464"]
[BlackElo "2829"]
[TimeControl "180+1"]
[EndTime "10:08:05 PDT"]
[Termination "elohunter1999 won by checkmate"]

1. e4 g6 2. d4 Bg7 3. Nc3 c6 4. Nf3 d6 5. Be3 Nf6 6. h3 O-O 7. Be2 Nbd7 8. a4 e5 9. O-O Qe7 10. dxe5 dxe5 11. Nd2 Nc5 12. a5 Rd8 13. Qc1 Ne6 14.
Nc4 Nd4 15. Bd3 Nh5 16. Ne2 Be6 17. Nxd4 exd4 18. Bd2 Bxc4 19. Bxc4 Qxe4 20. Re1 Qf5 21. Re7 Rf8 22. Rxb7 Qc5 23. Qf1 Qd6 24. Qd3 Nf4 25.
Bxf4 Qxf4 26. Re1 Bf6 27. Qb3 Bg5 28. g3 Qf5 29. h4 Bh6 30. Ree7 Kh8 31. Rxf7 Rxf7 32.
Rxf7 Qc8 33. Be6 Qb8 34. Qf3 Bg7 35. Qxc6 d3 36. cxd3 Qe8 37. Qxe8+ Rxe8 38. Rxa7 Bxb2 39. Bd5 Bd4 40. Rf7 Re1+ 41. Kg2 Ra1 42. Rf4 Be5 43. Rf8+ Kg7 44. Ra8 Rd1 45. Be4 Rd2 46. Ra7+ Kh8 47.
Rd7 Ra2 48. Rd5 Bc3 49. g4 Bxa5 50. g5 Be1 51. Rd8+ Kg7 52. Bd5 Rxf2+ 53. Kg1 Rf8 54. Rd7+ Kh8 55. h5 Bd2 56. hxg6 hxg6 57. Rd6 Kg7 58.
Rd7+ Kh8 59. Be4 Be3+ 60. Kg2 Bxg5 61. Bxg6 Rg8 62. Rh7# 1-0

[Event "*** Titled Tuesday Blitz"]
[Site "Chess.com"]
[Date "2020.04.14"]
[Round "1"]
[White "matiss90"]
[Black "ADODOVE"]
[Result "1-0"]
[WhiteElo "2516"]
[BlackElo "1799"]
[TimeControl "180+1"]
[EndTime "10:08:05 PDT"]
[Termination "matiss90 won on time"]

1. e4 d5 2. exd5 Qxd5 3. Nc3 Qa5 4. d4 c6 5. Nf3 Bf5 6. Bc4 e6 7. Be3 Nd7 8. a3 Ngf6 9. O-O Bd6 10. Qe2 O-O 11. h3 Nd5 12. Bd2 Qc7 13. Ne4 Bf4 14. Rae1 Rad8 15. c3 N7f6 16. Nxf6+ Nxf6 17. Bxf4 Qxf4 18.
Ne5 Nd5 19. Bxd5 exd5 20. Qe3 Qxe3 21. Rxe3 f6 22. Nd3 Rfe8 23. Rfe1 Kf7 24. Nc5 Bc8 25. f3 Rxe3 26. Rxe3 Re8 27. Kf2 Rxe3 28. Kxe3 b6 29. Nd3 g5 30. Nb4 Bd7 31. f4 h6 32. fxg5 hxg5 33.
Nd3 Kg6 34. g4 a5 35. a4 Kf7 36. b4 Ke6 37. bxa5 bxa5 38. Nc5+ Kd6 39. Nb7+ Kc7 40. Nxa5 c5 41. dxc5 Bxa4 42. Kd4 Bc6 43. Nxc6 Kxc6 44.
c4 dxc4 45. Kxc4 Kc7 46. Kd5 Kd7 47. c6+ Kc7 48. Ke6 Kxc6 49. Kxf6 Kd6 50. Kxg5 Ke7 51.
Kg6 Kf8 52. Kh7 Kf7 53. g5 Kf8 54. g6 Ke7 55. g7 Kf6 56. g8=Q Ke5 57. h4 Ke4 58. h5 Ke5 59. Kg6 Ke4 60. Qf8 Kd4 61.
Qe7 Kd5 62. Kf5 Kc4 63. Qd6 Kc3 64. Qd5 1-0

[Event "*** Titled Tuesday Blitz"]
[Site "Chess.com"]
[Date "2020.04.14"]
[Round "1"]
[White "ENEASZ"]
[Black "FairChess_on_YouTube"]
[Result "0-1"]
[WhiteElo "2499"]
[BlackElo "2991"]
[TimeControl "180+1"]
[EndTime "10:08:06 PDT"]
[Termination "FairChess_on_YouTube won on time"]

1. e4 g6 2. d4 Bg7 3. Nc3 c6 4. Nf3 d6 5. a4 Nf6 6. h3 O-O 7. Be2 Qc7 8. Bf4 Nbd7 9. e5 Nh5 10. exd6 exd6 11. Bh2 Bh6 12. O-O Nf4 13. Re1 d5 14. Bf1 Qd8 15. Ne2 Ne6 16. Nc1 Nf6 17. Ne5 Ne4 18.
c3 f6 19. Ng4 Bg7 20. Nd3 a5 21. Qc2 N6g5 22. f3 Nd6 23. Re2 Bf5 24. Rae1 Ngf7 25.
Qd1 Re8 26. Nc5 Qb6 27. b3 Rxe2 28. Rxe2 Re8 29. Rxe8+ Nxe8 30. Bd3 Bc8 31. Bc2 Qd8 32.
Qe2 b6 33. Ne6 Qe7 34. Nf4 Qf8 35. Ne6 Qe7 36. Nf4 Kf8 37. Qxe7+ Kxe7 38. Nd3 h5 39. Ne3 Bh6 40. Kf2 Ned6 41. Bf4 g5 42. Bh2 f5 43. Nf1 f4 44. h4 gxh4 45. Bxf4 h3 46. gxh3 Bxh3 47. Bxh6 Bxf1 48. Kxf1 Nxh6 49. Ne5 c5 50. dxc5 bxc5 51. Nc6+ Kd7 52. Nxa5 Kc7 53. b4 c4 54. b5 Nhf5 55. Bxf5 Nxf5 56. Kf2 h4 57. Nc6 h3 58. Nd4 Nxd4 59. cxd4 c3 0-1

[Event "*** Titled Tuesday Blitz"]
[Site "Chess.com"]
[Date "2020.04.14"]
[Round "1"]
[White "dukicz123"]
[Black "Efremov_Vlad"]
[Result "1-0"]
[WhiteElo "2551"]
[BlackElo "2123"]
[TimeControl "180+1"]
[EndTime "10:08:06 PDT"]
[Termination "dukicz123 won on time"]

1. e4 c5 2. Nf3 e6 3. d4 cxd4 4. Nxd4 Nc6 5. Nc3 Qc7 6. Be3 a6 7. Qd2 Nf6 8. O-O-O b5 9. Nxc6 dxc6 10. Bf4 e5 11. Bxe5 Qe7 12. Bxf6 Qxf6 13. e5 Qh6 14. Qxh6 gxh6 15. Ne4 Be6 16. f4 Bg7 17. f5 Bd5 18. Nd6+ Kd7 19. Nxf7 Rhf8 20. e6+ Ke7 21. Rg1 a5 22. g4 a4 23. a3 Rfb8 24. c3 b4 25. cxb4 Bf6 26. Be2 Rb7 27. g5 hxg5 28.
Nxg5 h6 29. Nh7 Be4 30. Nxf6 Kxf6 31. Rgf1 c5 32. bxc5 Rab8 33. Rd2 Rb3 34. Bc4 Rxa3 35. Rdf2 Ra1+ 36. Kd2 Rxb2+ 37. Kc3 Rxf2 38. Rxf2 Ra3+ 39. Kb4 Rh3 40. Kxa4 Rh4 41. Kb5 1-0

[Event "*** Titled Tuesday Blitz"]
[Site "Chess.com"]
[Date "2020.04.14"]
[Round "1"]
[White "JulAnt"]
[Black "KuzubovYuriy"]
[Result "1-0"]
[WhiteElo "2439"]
[BlackElo "2791"]
[TimeControl "180+1"]
[EndTime "10:08:07 PDT"]
[Termination "JulAnt won on time"]

1. e4 c6 2. d4 d5 3. Nc3 dxe4 4. Nxe4 Nf6 5. Nxf6+ exf6 6. c3 Bd6 7. Bd3 O-O 8. Qc2 Re8+ 9. Ne2 h5 10. O-O h4 11.
Qd1 Qc7 12. g3 Bh3 13. Re1 Bg4 14. Qc2 Nd7 15. Be3 hxg3 16. hxg3 Nf8 17. Bf5 Bf3 18.
Bh3 g6 19. Bg2 Bg4 20. Bf4 Ne6 21. Bxd6 Qxd6 22. Qd3 Nc5 23. Qd2 Ne4 24. Qf4 Bxe2 25. Rxe2 Qxf4 26. gxf4 Nd6 27. Rae1 Rxe2 28. Rxe2 Kf8 29.
d5 c5 30. b3 b5 31. Bf1 Rc8 32. Rd2 a5 33. a3 b4 34. axb4 cxb4 35. cxb4 axb4 36.
Rd4 Rc2 37. Rxb4 f5 38. Bd3 Rd2 39. Bc4 Ne4 40. Rb8+ Ke7 41. Rb7+ Kd6 42. Rxf7 Rxf2 43. Rg7 Rxf4 44. Rxg6+ Ke5 45. Re6+ Kd4 46. d6 Rg4+ 47. Kf1 Ng3+ 48. Ke1 Ne4 49. d7 Rg1+ 50. Ke2 Rg2+ 51. Kd1 Rd2+ 52. Kc1 Kc3 53. Re8 Rc2+ 54. Kb1 Nd2+ 55.
Ka1 1-0